 Dungeon Crawl Stone Soup version 0.17-a0-1798-g879a7aa (webtiles) character file.

10062 shakdrar the Protected (level 11, 0/68 HPs)
             Began as a Gargoyle Fighter on Sept 10, 2015.
             Was a Believer of Ashenzari.
             Slain by a wolf (6 damage)
             ... on level 1 of the Lair of Beasts.
             The game lasted 00:48:07 (11534 turns).

shakdrar the Protected (Gargoyle Fighter)          Turns: 11534, Time: 00:48:07

Health: 0/68       AC: 30    Str: 21    XL:     11   Next: 56%
Magic:  11/11      EV:  8    Int: 10    God:    Ashenzari [**....]
Gold:   368        SH: 15    Dex: 10    Spells: 0 memorised, 10 levels left

rFire  + . .     SeeInvis .     a - +2 war axe
rCold  . . .     Clarity  .     u - +3 chain mail {rF+} (curse)
rNeg   + . .     SustAt   +     b - +2 shield {AC+3} (curse)
rPois  ∞         Gourm    .     t - +0 helmet (curse)
rElec  +         Spirit   .     h - +0 cloak
rCorr  .         Warding  .     E - +0 pair of gloves
rMut   .         Stasis   .     (no boots)
MR     .....                    (no amulet)
Stlth  ..........               (no ring)
                                x - ring of sustain attributes (curse)

@: not resistant to hostile enchantments, extremely unstealthy
A: negative energy resistance 1, electricity resistance, unbreathing,
petrification resistance, rot immunity, AC +7
a: Scrying, Renounce Religion


You were on level 1 of the Lair of Beasts.
You worshipped Ashenzari.
Ashenzari was pleased with you.
You were not hungry.

You visited 2 branches of the dungeon, and saw 11 of its levels.

You collected 558 gold pieces.
You spent 190 gold pieces at shops.

Inventory:

Hand weapons
 a - a +2 war axe (weapon)
 k - a +0 blowgun
Missiles
 g - 22 tomahawks (quivered)
 l - 22 poisoned needles
Armour
 b - a cursed +2 shield of protection (worn)
 h - a +0 cloak (worn)
 t - a cursed +0 helmet (worn)
 u - a cursed +3 chain mail of fire resistance (worn)
 E - a +0 pair of gloves (worn)
Jewellery
 c - an uncursed ring of protection from magic
 x - a cursed ring of sustain attributes (left hand)
 F - an uncursed ring of ice
Magical devices
 e - a wand of frost (22)
 m - a wand of flame (33)
 z - a wand of confusion (19)
Scrolls
 i - 14 scrolls of identify
 j - 2 scrolls of curse jewellery
 n - a scroll of curse weapon
 q - a scroll of magic mapping
 v - 5 scrolls of remove curse
 G - 4 scrolls of teleportation
Potions
 d - 2 potions of might
 p - 3 potions of mutation
 r - 2 potions of degeneration
 s - 2 potions of flight
 A - a potion of resistance
 B - 2 potions of curing
Books
 w - a book of Conjurations

   Spells                             Type                      Level
   a - Magic Dart                     Conjuration                  1
   b - Searing Ray                    Conjuration                  2
   c - Dazzling Spray                 Conjuration/Hexes            3
   d - Fulminant Prism                Conjuration/Hexes            4
   e - Iskenderun's Mystic Blast      Conjuration                  4
   f - Iskenderun's Battlesphere      Conjuration/Charms           5
 C - a book of Alchemy

   Spells                             Type                      Level
   a - Sublimation of Blood           Necromancy                   2
   b - Ignite Poison                  Fire/Transmutation/Poison    3
   c - Alistair's Intoxication        Transmutation/Poison         4
   d - Condensation Shield            Ice                          4
   e - Petrify                        Transmutation/Earth          4
   f - Irradiate                      Conjuration/Transmutation    5
 D - a book of Necromancy

   Spells                             Type                      Level
   a - Pain                           Necromancy                   1
   b - Animate Skeleton               Necromancy                   1
   c - Vampiric Draining              Necromancy                   3
   d - Regeneration                   Charms/Necromancy            3
   e - Animate Dead                   Necromancy                   4
   f - Control Undead                 Necromancy                   4
Comestibles
 o - 5 bread rations


   Skills:
 - Level 8.0 Fighting
 - Level 7.0 Axes
 + Level 11.9 Armour
 + Level 11.6(12.9) Shields


You had 10 spell levels left.
You didn't know any spells.

Dungeon Overview and Level Annotations

Branches:
Dungeon (10/15)            Temple (0/1) D:7            Lair (1/8) D:8
    Orc (0/4) D:9

Altars:
Ashenzari
Cheibriados
Elyvilon
Fedhas
Gozag
Makhleb
Nemelex Xobeh
Okawaru
Qazlal
Ru
Sif Muna
Trog
Vehumet
Xom
Yredelemnul
Zin

Shops:
D:6 [?[!   D:8 [

Annotations:
Lair:1 Gastronok


Innate Abilities, Weirdness & Mutations

You are resistant to torment.
Your stone body is resilient (AC +7).
You are immune to poison.
You resist negative energy.
You are resistant to electric shocks.
You can survive without breathing.
You are immune to petrification.
You are immune to rotting.


Message History

You block the wolf's attack.
You closely miss the water moccasin.
The water moccasin is lightly wounded.
You barely miss the wolf.
The wolf is lightly wounded.
The wolf bites you but does no damage.
The water moccasin bites you but does no damage.
The wolf bites you but does no damage.
You slash the water moccasin!
The water moccasin is moderately wounded.
You miss the wolf.
The wolf is lightly wounded.
You block the water moccasin's attack. You block the wolf's attack.
The water moccasin barely misses you. The wolf bites you but does no damage.
You miss the water moccasin.
The water moccasin is moderately wounded.
You hit the wolf.
The wolf is moderately wounded.
The wolf bites you.
You die...

#...........#P.........#
#...........#..#........
##.........h#.##........
####.........####....##
####...#.## #####
####..# # #* ##.#.##
#...#.##h...####
#......@###..#.# ###
*P.....S## ##..## ##..
#......, ##..######...
#...... ###.#.##P...
P...... , #.#..##....
#...... ####..#....
##.##..* ##.....# *..
### #P....# ##.÷.##


You could see a water moccasin and a wolf.

Vanquished Creatures
  Josephine (D:10)
  The ghost of Ijustatesigmund the Covert, a powerful KoAs of Okawaru (D:10)
  The ghost of Fabryz the Skirmisher, an experienced GrMo (D:5)
  A komodo dragon (Lair:1)
  3 blink frogs (Lair:1)
  Prince Ribbit (D:5)
  3 wraiths (D:10)
  A deep elf mage (D:8)
  A spriggan (D:8)
  4 yaks (Lair:1)
  A hungry ghost (D:7)
  2 hippogriffs
  Menkaure (D:7)
  3 water moccasins
  Edmund (D:5)
  A deep elf fighter (D:8)
  2 wolves (Lair:1)
  3 wargs (D:9)
  Duvessa (D:7)
  2 orc warriors
  An ice beast (D:7)
  2 black bears
  A phantom (D:7)
  An eye of draining (D:8)
  2 sky beasts
  5 ogres
  A crocodile (D:8)
  6 giant frogs
  A gnoll sergeant (D:8)
  3 scorpions
  Dowan (D:7)
  4 killer bees (D:7)
  8 wights
  9 crimson imps
  2 centaur zombies
  4 hounds
  6 orc priests
  2 giant frog zombies
  Crazy Yiuf (D:5)
  2 giant frog skeletons
  3 centaur skeletons (D:8)
  2 iguanas (D:9)
  9 orc wizards
  3 worker ants
  4 hound skeletons
  A worker ant zombie (D:6)
  14 gnolls
  4 river rats (D:8)
  14 adders
  5 shadow imps
  An ooze (D:1)
  2 adder skeletons (D:6)
  An adder zombie (D:5)
  3 worms
  4 giant geckos
  40 orcs
  2 ball pythons
  10 bats
  7 giant cockroaches
  4 hobgoblins
  5 jackals
  4 quokkas
  A ball python skeleton (D:5)
  7 giant newts
  6 goblins
  A jackal zombie (D:5)
  5 kobolds
  15 rats
  A fungus (D:8)
274 creatures vanquished.

Vanquished Creatures (others)
  An orc (D:3)
  2 fungi (D:8)
3 creatures vanquished.

Grand Total: 277 creatures vanquished

Notes
Turn   | Place    | Note
--------------------------------------------------------------
     0 | D:1      | shakdrar the Gargoyle Fighter began the quest for the Orb.
     0 | D:1      | Reached XP level 1. HP: 14/14 MP: 1/1
   235 | D:1      | Reached XP level 2. HP: 14/19 MP: 2/2
   339 | D:1      | Found a shimmering altar of Xom.
   936 | D:1      | Reached skill level 4 in Shields
   949 | D:1      | Reached XP level 3. HP: 18/23 MP: 3/3
  1210 | D:2      | Found a faded altar to an unknown god.
  1606 | D:2      | Reached XP level 4. HP: 19/28 MP: 4/4
  2179 | D:3      | Reached skill level 5 in Shields
  2179 | D:3      | Reached XP level 5. HP: 24/32 MP: 5/5
  2738 | D:4      | Reached XP level 6. HP: 12/37 MP: 6/6
  2982 | D:4      | Reached skill level 6 in Shields
  3106 | D:4      | Found a snail-covered altar of Cheibriados.
  3291 | D:4      | Found a radiant altar of Vehumet.
  3583 | D:5      | Entered Level 5 of the Dungeon
  3583 | D:5      | Noticed a water moccasin
  3601 | D:5      | Killed a water moccasin
  3601 | D:5      | Reached skill level 5 in Armour
  3601 | D:5      | Reached XP level 7. HP: 25/41 MP: 7/7
  3796 | D:4      | Reached skill level 7 in Shields
  4352 | D:5      | Found a glowing silver altar of Zin.
  4352 | D:5      | Noticed Prince Ribbit
  4395 | D:5      | Killed Prince Ribbit
  4675 | D:5      | Noticed Fabryz's ghost (experienced GrMo)
  4831 | D:5      | Reached XP level 8. HP: 39/46 MP: 8/8
  5310 | D:6      | Found Utuotis's Antique Armour Shop.
  5418 | D:6      | Found a white marble altar of Elyvilon.
  5477 | D:6      | Found Hiysson's Distillery.
  5494 | D:6      | Bought a potion of mutation for 25 gold pieces
  5494 | D:6      | Bought a potion of degeneration for 10 gold pieces
  5494 | D:6      | Bought a potion of heal wounds for 50 gold pieces
  5563 | D:6      | Reached skill level 8 in Shields
  5614 | D:6      | Found a shattered altar of Ashenzari.
  5654 | D:6      | Became a worshipper of Ashenzari the Shackled
  5738 | D:6      | Found a basalt altar of Yredelemnul.
  6326 | D:6      | Found Liof's Antique Armour Shoppe.
  6893 | D:6      | Found Innuss's Magic Scroll Emporium.
  6900 | D:6      | Bought a scroll of enchant weapon for 105 gold pieces
  7025 | D:5      | Killed Fabryz's ghost
  7025 | D:5      | Reached XP level 9. HP: 42/52 MP: 9/9
  7175 | D:5      | Noticed Edmund
  7222 | D:5      | Killed Edmund
  7222 | D:5      | Reached skill level 5 in Fighting
  7264 | D:5      | Noticed Crazy Yiuf
  7276 | D:5      | Killed Crazy Yiuf
  7330 | D:5      | Found a burning altar of Makhleb.
  7330 | D:5      | Noticed a cacodemon
  7333 | D:5      | Noticed an orange demon
  7333 | D:5      | Noticed a ynoxinul
  7383 | D:6      | Reached skill level 5 in Axes
  7389 | D:7      | Noticed Duvessa
  7392 | D:7      | Noticed Dowan
  7484 | D:7      | Killed Dowan
  8077 | D:7      | Found a sparkling altar of Nemelex Xobeh.
  8169 | D:7      | Killed Duvessa
  8434 | D:7      | Noticed Menkaure
  8441 | D:7      | Killed Menkaure
  8499 | D:7      | Found a staircase to the Ecumenical Temple.
  8511 | D:7      | Reached XP level 10. HP: 56/64 MP: 10/10
  8795 | D:8      | Found Afut's Antique Armour Emporium.
  8832 | D:8      | Found a sacrificial altar of Ru.
  8880 | D:8      | Found an iron altar of Okawaru.
  8919 | D:8      | Found a stormy altar of Qazlal.
  8927 | D:8      | Found a deep blue altar of Sif Muna.
  8945 | D:8      | Found a bloodstained altar of Trog.
  8952 | D:8      | Found a shimmering altar of Xom.
  8975 | D:8      | Reached skill level 9 in Armour
  9115 | D:8      | Found a blossoming altar of Fedhas.
  9203 | D:8      | Acquired Ashenzari's first power
  9209 | D:8      | Found a staircase to the Lair.
  9616 | D:9      | Found a staircase to the Orcish Mines.
  9709 | D:9      | Found an opulent altar of Gozag.
  9812 | D:9      | Reached skill level 10 in Armour
 10273 | D:10     | Entered Level 10 of the Dungeon
 10357 | D:10     | Reached skill level 10 in Shields
 10360 | D:10     | Noticed Ijustatesigmund's ghost (powerful KoAs)
 10431 | D:10     | Killed Ijustatesigmund's ghost
 10431 | D:10     | Reached XP level 11. HP: 65/68 MP: 11/11
 10441 | D:10     | Noticed Josephine
 10453 | D:10     | Killed Josephine
 10453 | D:10     | Reached skill level 11 in Armour
 10619 | D:10     | Acquired Ashenzari's second power
 10958 | Lair:1   | Entered Level 1 of the Lair of Beasts
 11424 | Lair:1   | Noticed Gastronok
 11473 | Lair:1   | HP: 1/68 [Gastronok/the air (6)]
 11534 | Lair:1   | Slain by a wolf

Vault maps used:
D:1:      dpeg_arrival_tiny_a, serial_forest, infiniplex_forest_lined_4_way,
          infiniplex_forest_straight_2, infiniplex_forest_lined_1,
          infiniplex_forest_clump_cross, infiniplex_forest_clump_cross,
          infiniplex_forest_clump_diagonal, infiniplex_forest_straight_2,
          infiniplex_forest_end_2, minmay_misc_feat_square,
          minmay_splitting_lines, serial_bayou_pond_a, xom_teletrap_fun
D:2:      ecumenical_altar_1, hangedman_decor_push, minmay_door_square
D:4:      lemuel_doored_altar, vehumet_altar_wand_db
D:5:      makhleb_altar_promises_db, zin_scriptorium, first_bread,
          uniq_crazy_yiuf_cottage, uniq_prince_ribbit1, uniq_edmund
D:6:      elyvilon_altar_3, serial_shops, shop, nicolae_shop_behind_doors,
          shop_statue, shop, basic_altar, nicolae_ashenzari_panopticon
D:7:      nemelex_deck, minmay_temple_entry_statues_pillars, uniq_duvessa,
          uniq_menkaure
D:8:      bloody_trog, lemuel_round_altar, okawaru_metal_pillars_1_2,
          nicolae_ru_sacrificial_ziggurat, grunt_temple_overflow_open,
          grunt_lair_entry_elf_guard_hut, serial_shops, shop, the_bakery
D:9:      minmay_orc_entry_guard_dogs, basic_altar, st_stairs_7,
          kennysheep_generic_room_11
D:10:     uniq_josephine
Lair:1:   grunt_megastairs_3, uniq_gastronok

Action                   |  1- 3 |  4- 6 |  7- 9 | 10-12 || total
-------------------------+-------+-------+-------+-------++-------
Melee: War axe           |    94 |   207 |   698 |   713 ||  1712
 Fire: Blowgun           |       |       |     5 |       ||     5
  Use: Scroll            |     5 |     2 |     9 |    11 ||    27
       Potion            |     1 |     2 |     5 |     2 ||    10
  Eat: Chunk             |     2 |     2 |       |       ||     4
       Beef jerky        |       |     1 |       |       ||     1
       Bread ration      |       |     1 |     3 |     1 ||     5
       Meat ration       |       |       |     3 |     1 ||     4
       Pizza             |       |       |     1 |       ||     1
